 Dungeon Crawl Stone Soup version 0.19.0-2-gae57169 (webtiles) character file.

55 Khazard the Conjurer (level 3, 0/19 HPs)
             Began as a Tengu Wizard on Nov 5, 2016.
             Slain by a dart slug (3 damage)
             ... on level 2 of the Dungeon.
             The game lasted 00:01:29 (1422 turns).

Khazard the Conjurer (Tengu Wizard)                 Turns: 1422, Time: 00:01:30

Health: 0/19       AC:  2    Str:  7    XL:     3   Next: 93%
Magic:  4/9        EV: 12    Int: 19    God:
Gold:   105        SH:  0    Dex: 12    Spells: 4 memorised, 1 level left

rFire  . . .     SeeInvis .     a - +0 spear
rCold  . . .     Gourm    .     h - +0 robe
rNeg   . . .     Faith    .     (no shield)
rPois  .         Spirit   .     b - +0 hat
rElec  .         Reflect  .     (no cloak)
rCorr  .         Harm     .     (no gloves)
MR     .....                    (boots unavailable)
Stlth  ++........               (no amulet)
                                (no ring)
                                (no ring)

@: no status effects
A: beak, talons 3
a: no special abilities


You were on level 2 of the Dungeon.
You were hungry.

You visited 1 branch of the dungeon, and saw 3 of its levels.

You collected 105 gold pieces.

Inventory:

Hand Weapons
 a - a +0 spear (weapon)
Armour
 b - a +0 hat (worn)
 h - a +0 robe (worn)
Scrolls
 e - a scroll of blinking {unknown}
Potions
 f - a potion of haste {unknown}
 j - a potion of might {unknown}
 k - 2 potions of degeneration {unknown}
 m - a potion of curing {unknown}
Books
 c - a book of Minor Magic

   Spells                             Type                      Level
   a - Magic Dart                     Conjuration                  1
   b - Blink                          Translocation                2
   c - Call Imp                       Summoning                    2
   d - Repel Missiles                 Charms/Air                   2
   e - Slow                           Hexes                        2
   f - Conjure Flame                  Conjuration/Fire             3
   g - Mephitic Cloud                 Conjuration/Poison/Air       3
Comestibles
 d - a bread ration
 g - 2 beef jerkies
 i - a meat ration
 l - 2 slices of pizza
 n - a royal jelly


   Skills:
 - Level 2.1 Dodging
 - Level 2.0 Stealth
 + Level 3.5 Spellcasting
 * Level 4.0 Conjurations
   Level 1.2 Summonings
 - Level 0.7 Translocations


You had one spell level left.
You knew the following spells:

 Your Spells              Type           Power        Failure   Level  Hunger
a - Magic Dart            Conj           ###.         3%          1    None
b - Blink                 Tloc           N/A          17%         2    ##.....
d - Conjure Flame         Conj/Fire      ##......     21%         3    ###....
k - Repel Missiles        Chrm/Air       #.....       24%         2    ##.....


Dungeon Overview and Level Annotations

Branches:
Dungeon (3/15)

Altars:
Ashenzari
Cheibriados


Innate Abilities, Weirdness & Mutations

You have a beak for a mouth.
You have claws for feet.


Message History

Aiming: Magic Dart
Press: ? - help, Shift-Dir - straight line, f/p - worm
Aim: a worm (severely wounded)
The magic dart hits the worm.
You kill the worm!
Things that are here:
a club; a kobold corpse
There is a stone staircase leading up here.
You climb upwards.
The kobold hits you.
* * * LOW HITPOINT WARNING * * *
The kobold barely misses you. The kobold closely misses you.
There is a stone staircase leading down here.
You see here 2 stones.
You see here 2 stones.
The kobold hits you but does no damage.
Okay, then.
You are feeling hungry.
You see here a fizzy sapphire potion.
The dart slug bites you.
You die...

####### ... ..
......... .... ..
........... .... #.
##.......... ....
####.#### #...........
....
#.......####...........
....
#.......#!K............
....
#.........##K.........<
....
#.(....K####w@.........
.... #......[.#
##((>.....# ....
#........# #..........#
#... #...[....#
#.(........# ....
#.......K###...........
##..
######..†..#..÷........
### ##.##.....(.......
# #.##..#..........
#...............# #


You could see a dart slug and 2 kobolds.

Vanquished Creatures
  An adder (D:2)
  A worm (D:3)
  2 dart slugs (D:1)
  3 orcs (D:3)
  5 bats
  5 goblins
  2 hobgoblins
  A jackal (D:1)
  5 kobolds
  7 frilled lizards
  6 rats
38 creatures vanquished.

Notes
Turn   | Place    | Note
-------+----------+-------------------------------------------
     0 | D:1      | Khazard the Tengu Wizard began the quest for the Orb.
     0 | D:1      | Reached XP level 1. HP: 10/10 MP: 5/5
    32 | D:1      | Reached skill level 2 in Conjurations
   110 | D:1      | Reached XP level 2. HP: 15/15 MP: 1/7
   421 | D:1      | Reached skill level 3 in Conjurations
   729 | D:1      | Reached XP level 3. HP: 16/19 MP: 4/8
   784 | D:1      | Found a shattered altar of Ashenzari.
   983 | D:2      | Found a snail-covered altar of Cheibriados.
  1075 | D:2      | Learned a level 2 spell: Blink
  1079 | D:2      | Learned a level 3 spell: Conjure Flame
  1082 | D:2      | Learned a level 2 spell: Repel Missiles
  1361 | D:3      | Reached skill level 4 in Conjurations
  1422 | D:2      | Slain by a dart slug

Skill      XL: |  1  2  3 |
---------------+----------+-----
Conjurations   | 2 3 4 |  4.0
Dodging        | |  2.1
Stealth        | |  2.0
Spellcasting   | |  3.5
Summonings     | |  1.2
Translocations | |  0.7

Action                   || total
-------------------------++-------
Melee: Unarmed           ||    14
       Kick              ||     9
       Peck              ||     9
       Spear             ||    22
 Cast: Magic Dart        ||    75
       Repel Missiles    ||     1
  Eat: Chunk             ||     1
Armor: Robe              ||     7
Dodge: Dodged            ||    28
       Deflected         ||     2
